 Dungeon Crawl Stone Soup version 0.27-a0-1287-gca74d27db6 (webtiles) character file.

Game seed: 18423238035278030716

612619 Armakuni the Bringer of Light (level 27, -9/231 HPs)
             Began as a Human Artificer on June 7, 2021.
             Was the Champion of the Shining One.
             Killed by divine providence
             ... invoked by a royal mummy
             ... led by Khufu
              (17 damage)
             ... on level 3 of the Crypt on June 14, 2021.
             The game lasted 03:10:43 (57228 turns).

Armakuni the Bringer of Light (Human Artificer)    Turns: 57228, Time: 03:10:43

Health: -9/231     AC: 32    Str: 23    XL:     27
Magic:  40/40      EV: 13    Int: 20    God:    the Shining One [******]
Gold:   2196       SH: 19    Dex: 14    Spells: 22/26 levels left

rFire    + + .     SeeInvis +   a - +8 mithril axe "Arga" {speed, Will+}
rCold    + . .     Faith    .   y - +5 kite shield {reflect}
rNeg     + + +     Spirit   .   w - +1 gold dragon scales
rPois    +         Reflect  +   s - +0 hat "Raeclefee" {Int+6}
rElec    +         Harm     .   X - +1 cloak of Starlight {*Dazzle EV+4 Stlth--}
rCorr    +         Rampage  .   L - +0 pair of gloves
Will     ++...                  Y - +2 pair of boots {Fly}
Stlth    ..........             R - amulet of regeneration
HPRegen  1.48/turn              W - ring "Sucefu" {rF+ rN+ Will+}
MPRegen  0.27/turn              K - ring "Lepomeid" {rElec rPois rCorr SInv}

@: weak-willed, unable to read, flying, glowing
A: horns 1, inability to read while threatened
}: 3/15 runes: decaying, serpentine, silver
a: Renounce Religion, Divine Shield, Cleansing Flame, Summon Divine Warrior,
Brand Weapon With Holy Wrath


You were on level 3 of the Crypt.
You worshipped the Shining One.
The Shining One was exalted by your worship.
You visited 11 branches of the dungeon, and saw 51 of its levels.
You also visited: Sewer, Ossuary, Ice Cave and Wizlab.

You collected 7455 gold pieces.
You spent 5259 gold pieces at shops.

Inventory:

Hand Weapons
 a - the +8 mithril axe "Arga" (weapon) {speed, Will+}
   (You found it on level 6 of the Lair of Beasts)

   Attacks with this weapon are significantly faster.
   It increases your willpower.
Armour
 s - the +0 hat "Raeclefee" (worn) {Int+6}
   (You acquired it on level 5 of the Lair of Beasts)

   It affects your intelligence (+6).
 w - +1 gold dragon scales (worn)
 y - a +5 kite shield of reflection (worn)
 L - a +0 pair of gloves (worn)
 X - the +1 cloak of Starlight (worn) {*Dazzle EV+4 Stlth--}
   (You found it in a wizard's laboratory)

   It affects your evasion (+4).
   It makes you much less stealthy.
 Y - a +2 pair of boots of flying (worn)
Jewellery
 K - the ring "Lepomeid" (right hand) {rElec rPois rCorr SInv}
   (You found it on level 6 of the Lair of Beasts)

   [ring of resist corrosion]

   It insulates you from electricity.
   It protects you from poison.
   It lets you see invisible.
   It protects you from acid and corrosion.
 R - an amulet of regeneration (around neck)
 W - the ring "Sucefu" (left hand) {rF+ rN+ Will+}
   (You found it on level 5 of the Vaults)

   [ring of positive energy]

   It protects you from fire.
   It protects you from negative energy.
   It increases your willpower.
Wands
 c - a wand of charming (20)
 e - a wand of mindburst (30)
 f - a wand of flame (200)
 h - a wand of acid (17)
 k - a wand of digging (5)
 m - a wand of polymorph (58)
 p - a wand of paralysis (13)
 Z - a wand of iceblast (7)
Scrolls
 g - 2 scrolls of immolation
 i - 6 scrolls of fear
 j - 2 scrolls of summoning
 n - 14 scrolls of teleportation
 q - 10 scrolls of fog
 r - 10 scrolls of noise
 v - a scroll of holy word
 B - 3 scrolls of magic mapping
 H - 4 scrolls of blinking
 J - 7 scrolls of amnesia
 M - 41 scrolls of identify
 Q - 5 scrolls of vulnerability
 U - 8 scrolls of silence
Potions
 d - 5 potions of lignification
 o - 27 potions of curing
 z - 4 potions of resistance
 A - 4 potions of ambrosia
 C - 4 potions of brilliance
 D - a potion of haste
 E - 7 potions of magic
 G - a potion of invisibility
 I - 3 potions of cancellation
 O - 5 potions of heal wounds
Miscellaneous
 b - a phantom mirror
 l - a box of beasts (inert)
 S - a tin of tremorstones (inert)


   Skills:
 - Level 22.0 Fighting
 - Level 19.7(20.9) Axes
 - Level 13.2(17.9) Maces & Flails
 - Level 20.0 Armour
 - Level 10.0 Dodging
 - Level 1.0 Stealth
 - Level 15.0 Shields
 - Level 14.0 Translocations
 + Level 26.2 Invocations
 - Level 10.0 Evocations


You had 22 spell levels left.
You knew the following spells:

 Your Spells              Type           Power      Damage    Failure   Level
b - Blink                 Tloc           N/A        N/A       1%          2
w - Wereblood             Tmut           0%         N/A       99%         2

Your spell library contained the following spells:

 Spells                   Type           Power      Damage    Failure   Level
 Gell's Gravitas          Tloc           27%        N/A       3%          3
 Lesser Beckoning         Tloc           27%        N/A       3%          3
 Teleport Other           Tloc           54%        N/A       3%          3
 Passage of Golubria      Tloc           N/A        N/A       11%         4
 Manifold Assault         Tloc           54%        N/A       30%         5
 Portal Projectile        Hex/Tloc       56%        N/A       52%         3
 Dispersal                Tloc           27%        N/A       86%         6
 Iskenderun's Mystic Bla  Conj/Tloc      28%        2d7       89%         4
 Animate Skeleton         Necr           0%         N/A       98%         1
 Beastly Appendage        Tmut           0%         N/A       98%         1
 Corona                   Hex            0%         N/A       98%         1
 Foxfire                  Conj/Fire      0%         2x1d4     98%         1
 Freeze                   Ice            0%         1d3       98%         1
 Magic Dart               Conj           0%         1d3       98%         1
 Pain                     Necr           0%         1d4       98%         1
 Sandblast                Erth           0%         2d4       98%         1
 Shock                    Conj/Air       0%         1d3       98%         1
 Corpse Rot               Necr/Air       N/A        N/A       99%         2
 Ensorcelled Hibernation  Hex/Ice        0%         N/A       99%         2
 Passwall                 Tmut/Erth      0%         N/A       99%         2
 Poisonous Vapours        Pois/Air       0%         N/A       99%         2
 Searing Ray              Conj           0%         3d3       99%         2
 Slow                     Hex            0%         N/A       99%         2
 Static Discharge         Conj/Air       0%         N/A       99%         2
 Sublimation of Blood     Necr           0%         N/A       99%         2
 Summon Forest            Summ/Tloc      14%        N/A       99%         5
 Dazzling Flash           Conj/Hex       0%         N/A       100%        3
 Frozen Ramparts          Ice            0%         1d2       100%        3
 Ignite Poison            Fire/Tmut/Pois 0%         N/A       100%        3
 Inner Flame              Hex/Fire       0%         N/A       100%        3
 Mephitic Cloud           Conj/Pois/Air  0%         N/A       100%        3
 Ozocubu's Armour         Ice            0%         N/A       100%        3
 Spider Form              Tmut/Pois      0%         N/A       100%        3
 Stone Arrow              Conj/Erth      0%         3d7       100%        3
 Swiftness                Air            0%         N/A       100%        3
 Vampiric Draining        Necr           0%         2d6       100%        3
 Animate Dead             Necr           0%         N/A       100%        4
 Cause Fear               Hex            0%         N/A       100%        4
 Dispel Undead            Necr           0%         3d6       100%        4
 Fulminant Prism          Conj/Hex       0%         3d6       100%        4
 Hailstorm                Conj/Ice       0%         3d3       100%        4
 Ice Form                 Ice/Tmut       0%         N/A       100%        4
 Leda's Liquefaction      Hex/Erth       0%         N/A       100%        4
 Petrify                  Tmut/Erth      0%         N/A       100%        4
 Summon Ice Beast         Ice/Summ       0%         N/A       100%        4
 Summon Lightning Spire   Summ/Air       0%         N/A       100%        4
 Agony                    Necr           0%         N/A       100%        5
 Bolt of Magma            Conj/Fire/Erth 0%         4d4       100%        5
 Excruciating Wounds      Necr           0%         N/A       100%        5
 Freezing Cloud           Conj/Ice/Air   0%         6-21      100%        5
 Iskenderun's Battlesphe  Conj           0%         2d6       100%        5
 Lee's Rapid Deconstruct  Erth           0%         3d5*      100%        5
 Lightning Bolt           Conj/Air       0%         1d11      100%        5
 Metabolic Englaciation   Hex/Ice        0%         N/A       100%        5
 Silence                  Hex/Air        0%         N/A       100%        5
 Yara's Violent Unravell  Hex/Tmut       0%         3d3       100%        5
 Conjure Ball Lightning   Conj/Air       0%         3x3d6     100%        6
 Eringya's Noxious Bog    Tmut/Pois      0%         N/A       100%        6
 Invisibility             Hex            0%         N/A       100%        6
 Iron Shot                Conj/Erth      0%         9d1       100%        6
 Simulacrum               Ice/Necr       0%         N/A       100%        6
 Dragon Form              Tmut           0%         N/A       100%        7
 Malign Gateway           Summ/Tloc      14%        N/A       100%        7
 Orb of Destruction       Conj           0%         N/A       100%        7
 Ozocubu's Refrigeration  Ice            0%         4d5       100%        7
 Spellforged Servitor     Conj/Summ      0%         N/A       100%        7
 Storm Form               Tmut/Air       0%         N/A       100%        7
 Summon Hydra             Summ           0%         N/A       100%        7
 Discord                  Hex            0%         N/A       100%        8
 Ignition                 Fire           0%         3d3       100%        8
 Dragon's Call            Summ           0%         N/A       100%        9
 Polar Vortex             Ice            0%         N/A       100%        9
 Shatter                  Erth           0%         3d5*      100%        9


Dungeon Overview and Level Annotations

Branches:
Dungeon (15/15)            Temple (1/1) D:6            Lair (6/6) D:10
  Swamp (4/4) Lair:2        Snake (4/4) Lair:3        Slime (0/5) Lair:5
    Orc (2/2) D:9             Elf (1/3) Orc:2        Vaults (5/5) D:13
  Crypt (3/3) Vaults:3     Depths (5/5) D:15            Zot (5/5) Depths:5
  Sewer (visited)         Ossuary (visited)           IceCv (visited)
 WizLab (visited)
   Tomb: Crypt:3

Altars:
Ashenzari
Cheibriados
Dithmenos
Elyvilon
Fedhas
Gozag
Hepliaklqana
Kikubaaqudgha
Makhleb
Nemelex Xobeh
Okawaru
Qazlal
Ru
Sif Muna
Trog
Uskayaw
Vehumet
Wu Jian
Xom
Yredelemnul
Zin
The Shining One
Beogh
Jiyva

Shops:
D:3 (   D:12 *   Orc:2 **[?   Elf:1 [   Snake:1 :   Snake:3 :   Vaults:2 :
Vaults:5 ?!!!??!

Portals:
Hell: Depths:1 Depths:2 Depths:3 Depths:4 Depths:5
Abyss: Snake:2 Depths:2 Depths:3 Depths:4
Pandemonium: Depths:2 Depths:3
Ziggurat: Depths:5

Annotations:
Crypt:3 Khufu
Zot:5 31 runed doors


Innate Abilities, Weirdness & Mutations

You have a pair of small horns on your head.
You sometimes lose the ability to read scrolls when taking damage.


Message History

Your mature batox beast hits the ghostly Saint Roka!
Your mature batox beast tramples the ghostly Saint Roka but does no damage.
You cannot read scrolls in your current state!
You hit the ghostly Saint Roka.
The ghostly Saint Roka is heavily damaged.
Your mature batox beast hits the ghostly Saint Roka but does no damage.
Your mature batox beast tramples the ghostly Saint Roka but does no damage.
You block the ghostly Saint Roka's attack.
You completely miss the ghostly Saint Roka.
Your headbutt misses the ghostly Saint Roka.
The ghostly Saint Roka is heavily damaged.
Your mature batox beast hits the ghostly Saint Roka but does no damage.
Your mature batox beast tramples the ghostly Saint Roka but does no damage.
You slice the ghostly Saint Roka!!
You headbutt the ghostly Saint Roka, but do no damage.
The ghostly Saint Roka is heavily damaged.
The royal mummy casts a spell at you. Something smites you!
* * * LOW HITPOINT WARNING * * *
Your mature batox beast hits the ghostly Saint Roka!!
Your mature batox beast tramples the ghostly Saint Roka!
The ghostly Saint Roka holds their ground!
You slice the ghostly Saint Roka!!
You headbutt the ghostly Saint Roka, but do no damage.
The ghostly Saint Roka is almost destroyed.
The ghostly Saint Roka calls down the wrath of Beogh upon you.
Beogh smites you!
* * * LOW HITPOINT WARNING * * *
Your mature batox beast barely misses the ghostly Saint Roka.
Your mature batox beast tramples the ghostly Saint Roka but does no damage.
You slice the ghostly Saint Roka!!
The ghostly Saint Roka is almost destroyed.
You hit the ghostly Saint Roka but do no damage.
The ghostly Saint Roka is almost destroyed.
Your mature batox beast hits the ghostly Saint Roka!
The ghostly Saint Roka is destroyed!
The Shining One accepts your kill.
The royal mummy gestures at you while chanting.
Something smites you!
You die...

...... ......#
....... .. .......
'''# .8...8. ##...##
....... ##.....##
.......####.......###
......)@#...8...8...#
.......)#...........#
.....).HM)..M.M.....+
#......)#).........$#
#.8.8.$.#$M.8.†.8...#
#....######.......###
#..## ###'''### ###
+.......+ ##.#
#^......#


You could see Khufu, a royal mummy and a friendly mature batox beast (summoned).

Vanquished Creatures
  2 dread liches
  2 ancient liches (Vaults:4)
  2 juggernauts
  Sojobo (Depths:4)
  A Killer Klown (Zot:3)
  Frederick (Depths:4)
  Vashnia (Snake:2)
  Bai Suzhen (D:15)
  Margery (Depths:4)
  the Lernaean hydra (Swamp:4)
  A curse toe (Zot:1)
  Xtahua (Depths:4)
  3 golden dragons
  An electric golem (Zot:5)
  A shard shrike zombie (Crypt:2)
  A Hell Sentinel (Snake:2)
  Rupert (Lair:6)
  15 tentacled monstrosities
  3 titans
  5 liches
  11 Orb Guardians (Zot:5)
  6 quicksilver dragons
  The ghost of Ibis19 the Warrior, an adept MiBe of Trog (Swamp:1)
  3 ancient champions
  3 tentacled starspawn
  An eldritch tentacle (WizLab)
  4 death cobs
  A sphinx (shapeshifter) (Depths:2)
  The ghost of Mesmaeker13 the Tortoise, an adept FoFi of Nemelex Xobeh (Swamp:4)
  7 shadow dragons
  Kirke (Swamp:3)
  2 revenants (Crypt:1)
  13 storm dragons
  The ghost of tilp the Convoker, an adept BaSu of Ru (Snake:2)
  8 tengu reavers
  11 fire giants
  4 draconian monks
  5 nagarajas
  A deep elf sorcerer (Depths:3)
  A daeva (Depths:5)
  3 iron dragons
  12 frost giants
  2 draconian knights
  2 balrugs
  A cacodemon (Snake:2)
  Louise (Depths:2)
  3 draconian stormcallers
  2 draconian scorchers (Zot:1)
  8 vault wardens
  3 draconian annihilators
  A caustic shrike zombie (Depths:1)
  An angel (Depths:5)
  A ghoul (Crypt:3)
  20 ironbound preservers
  3 reapers (Crypt:2)
  A deep elf elementalist (Elf:1)
  4 war gargoyles
  17 stone giants
  A caustic shrike skeleton (Crypt:1)
  2 spriggan defenders (Depths:4)
  2 draconian shifters
  10 green draconians
  31 very ugly things
  3 vampire knights
  A deep elf demonologist (Vaults:5)
  A lorocyproca (WizLab)
  8 purple draconians
  8 white draconians
  2 entropy weavers
  6 spark wasps (Depths:2)
  5 dire elephants
  4 bunyips
  4 black draconians
  7 red draconians
  Snorg (D:12)
  10 ettins
  4 yellow draconians
  3 deep elf death magi
  6 eleionomae
  3 eidola (Crypt:2)
  14 crystal guardians
  18 jiangshi
  2 shambling mangroves (Swamp:2)
  8 yaktaur captains
  11 fire dragons
  8 rakshasas
  3 ghost crabs
  Fannar (Lair:1)
  7 ironbound thunderhulks
  4 deep elf high priests
  14 hydras
  3 boulder beetles
  5 great orbs of eyes
  Harold (Lair:1)
  4 ice dragons
  3 salamander tyrants
  31 vault guards
  10 naga warriors
  6 ogre magi
  A monstrous demonspawn (Depths:3)
  A hell beast (Depths:2)
  3 peacekeepers
  A merfolk avatar (Lair:6)
  2 ironbound frosthearts
  A catoblepas (D:11)
  Erolcha (D:9)
  10 anacondas
  A boulder beetle (shapeshifter) (Vaults:5)
  17 centaur warriors
  9 death knights
  9 alligators
  10 vampire magi
  15 two-headed ogres
  11 deep troll earth magi
  6 tengu warriors
  5 death yaks
  A dancing weapon (Elf:1)
  9 deep troll shamans
  5 ironbound beastmasters
  2 orc high priests (Orc:2)
  2 spriggan berserkers (Depths:4)
  3 thrashing horrors
  3 shock serpents
  15 naga sharpshooters
  4 deep elf knights
  6 salamander mystics
  21 hell knights
  6 sun demons
  5 soul eaters (Depths:2)
  9 iron trolls
  A storm dragon zombie (Depths:1)
  29 skeletal warriors
  78 deep trolls
  2 shadow wraiths
  A titan skeleton (Crypt:2)
  3 sea snakes
  2 sixfirhies (Depths:3)
  2 spriggan druids
  16 swamp dragons
  A glowing orange brain (shapeshifter) (Depths:4)
  2 goliath frogs
  A spark wasp zombie (D:15)
  A shadow demon (WizLab)
  2 deep elf archers
  2 glowing orange brains
  11 naga ritualists
  4 bog bodies
  2 flayed ghosts
  A golden dragon skeleton (Crypt:2)
  20 phantasmal warriors
  7 lindwurms
  6 orc knights
  A spectral hydra (Crypt:3)
  19 wizards
  An obsidian statue (WizLab)
  An orange crystal statue (Depths:2)
  9 harpies
  14 mana vipers
  14 necromancers
  16 deep elf pyromancers
  10 ironbound convokers
  A goliath frog skeleton (Crypt:2)
  5 will-o-the-wisps
  46 ugly things
  7 cyclopes
  21 salamanders
  11 deep elf zephyrmancers
  A tengu skeleton (Depths:1)
  11 manticores
  An orb spider (shapeshifter) (D:14)
  A frost giant zombie (Crypt:2)
  3 orc sorcerers
  4 worldbinders (WizLab)
  A human skeleton (WizLab)
  11 moths of wrath
  24 elephants
  A dire elephant zombie (Crypt:2)
  A fire giant skeleton (Crypt:2)
  A frost giant skeleton (Depths:1)
  5 smoke demons
  36 black mambas
  3 gargoyles
  16 vault sentinels
  11 cane toads
  An orange demon (Depths:3)
  19 naga magi
  2 unseen horrors
  An alligator snapping turtle zombie (Crypt:1)
  Joseph (Lair:1)
  2 kobold demonologists (D:13)
  A torpor snail (Lair:6)
  A cane toad (shapeshifter) (D:15)
  A yellow draconian zombie (Crypt:2)
  3 freezing wraiths
  Psyche (D:9)
  A pale draconian zombie (Crypt:2)
  4 rime drakes
  A tengu conjurer (D:13)
  The ghost of LatOm the Cutter, a novice KoBe of Trog (D:5)
  A komodo dragon (shapeshifter) (Vaults:5)
  An ancient zyme (WizLab)
  2 ice devils (Orc:2)
  14 komodo dragons
  21 yaktaurs
  A catoblepas skeleton (Crypt:2)
  3 meliai (D:14)
  4 tyrant leeches
  An iron troll skeleton (Crypt:1)
  10 trolls
  2 jumping spiders
  A red draconian skeleton (Crypt:2)
  4 large abominations
  A wind drake (Lair:6)
  11 hornets
  A golden dragon simulacrum (Crypt:2)
  22 polar bears
  17 slime creatures
  2 spriggan zombies
  A bloated husk (Swamp:1)
  24 blink frogs
  Grinder (D:3)
  An iron dragon simulacrum (Crypt:3)
  A raiju (Snake:2)
  A meliai zombie (D:11)
  A fire dragon zombie (Crypt:2)
  An ettin zombie (Crypt:2)
  A centaur simulacrum (D:12)
  44 flying skulls (Crypt:3)
  A deep troll skeleton (D:15)
  An ice dragon skeleton (Crypt:2)
  A redback (shapeshifter) (Depths:5)
  3 spriggans
  4 shadows
  2 vampires (D:12)
  2 ynoxinuls
  4 water elementals
  8 wyverns
  A redback (Vaults:4)
  A fire dragon skeleton (D:15)
  11 wraiths
  72 yaks
  Grum (D:8)
  2 basilisks (Lair:3)
  2 fire elementals (Elf:1)
  7 hogs (Swamp:3)
  9 humans
  A steam dragon (D:9)
  12 vampire mosquitoes
  2 chaos spawn
  8 wargs
  4 spatial vortices (WizLab)
  14 swamp worms
  7 acid dragons
  31 nagas
  2 hell hounds
  11 water moccasins
  5 swamp drakes (Swamp:4)
  A floating eye (shapeshifter) (Depths:4)
  26 orc warriors
  2 black bears
  A two-headed ogre skeleton (Crypt:1)
  A hornet zombie (D:6)
  7 ogres
  5 necrophages
  An ice beast (D:8)
  23 wolves
  11 centaurs
  6 boggarts
  A palentonga zombie (Crypt:1)
  2 phantoms (D:9)
  7 kobold brigands
  2 scorpions
  A yaktaur skeleton (Crypt:1)
  6 bullfrogs
  4 gnoll sergeants
  A wyvern skeleton (D:6)
  A salamander skeleton (Crypt:2)
  2 troll zombies
  2 killer bees (D:11)
  A polar bear skeleton (Crypt:2)
  5 wights (D:8)
  3 electric eels
  A spectral centaur (Crypt:3)
  A vampire bat (D:3)
  5 howler monkeys
  A wolf skeleton (Crypt:1)
  6 centaur zombies
  4 jellies
  2 bullfrog zombies
  14 orc priests
  2 hounds
  2 centaur skeletons
  2 gnoll shamans
  Crazy Yiuf (D:2)
  2 small abominations
  Jessica (D:3)
  Natasha (thrice) (D:3)
  11 iguanas
  22 orc wizards
  2 killer bee zombies (D:7)
  A naga zombie (Crypt:1)
  5 ogre zombies (D:9)
  A hound zombie (D:5)
  A hound skeleton (D:5)
  3 mummies (Ossuary)
  20 gnolls
  8 adders
  A shadow imp (D:6)
  4 white imps
  2 ufetubi
  A lava snake zombie (Crypt:2)
  3 worms
  3 dart slugs
  57 orcs
  2 bats
  A bat skeleton (D:3)
  5 bat zombies (D:3)
  2 endoplasms
  3 giant cockroaches
  6 goblins
  2 hobgoblins
  4 jackals
  A quokka (D:1)
  8 ball pythons
  4 frilled lizards
  A gnoll zombie (Ossuary)
  2 goblin skeletons (D:9)
  A goblin zombie (Ossuary)
  3 hobgoblin skeletons (D:9)
  6 hobgoblin zombies
  18 kobolds
  2 orc skeletons (D:9)
  11 orc zombies
  11 rats
  2 lurking horrors
2058 creatures vanquished.

Vanquished Creatures (collateral kills)
  Saint Roka (Crypt:3)
  An Orb Guardian (Zot:5)
  A green draconian (Zot:5)
  A shambling mangrove (Swamp:1)
  A hydra (Swamp:1)
  A swamp dragon (Swamp:4)
  An ugly thing (D:15)
  A will-o-the-wisp (Swamp:1)
  A tyrant leech (Swamp:1)
  A hornet (Swamp:1)
  Eustachio (D:6)
  A swamp worm (Swamp:4)
  3 orc warriors
  A swamp drake (Swamp:4)
  A wolf (IceCv)
  An orc priest (Orc:2)
  3 orc wizards
  2 gnolls (D:5)
  An orc (Orc:1)
  A hobgoblin (D:2)
25 creatures vanquished.

Vanquished Creatures (others)
  A dread lich (Zot:5)
  An orb of fire (Zot:5)
  Nikola (Snake:2)
  A titan (Vaults:4)
  4 tengu reavers
  A spark wasp (Depths:2)
  2 hydras (Swamp:4)
  An ogre mage (Vaults:5)
  A death yak (Lair:6)
  2 naga sharpshooters (Snake:4)
  A spriggan berserker (Depths:2)
  A shock serpent (shapeshifter) (Vaults:4)
  A deep elf knight (Elf:1)
  2 hell knights (Depths:4)
  A soul eater (Depths:2)
  An orc knight (Orc:2)
  An ugly thing (D:15)
  3 orc sorcerers (Orc:2)
  3 moths of wrath
  2 yaktaurs
  An orc warrior (Orc:2)
  A tyrant leech (Swamp:4)
  2 bloated husks
  A killer bee (D:10)
  14 foxfires
  24 fungi
  49 plants
  3 starspawn tentacles
  5 withered plants (D:15)
131 creatures vanquished.

Grand Total: 2214 creatures vanquished

Notes
Turn   | Place    | Note
-------+----------+-------------------------------------------
     0 | D:1      | Armakuni the Human Artificer began the quest for the Orb.
     0 | D:1      | Reached XP level 1. HP: 15/15 MP: 1/1
   298 | D:1      | Reached XP level 2. HP: 22/22 MP: 2/2
  1217 | D:1      | Reached XP level 3. HP: 25/28 MP: 3/3
  2360 | D:2      | Found a runed translucent door.
  2361 | D:2      | Noticed Crazy Yiuf
  2781 | D:3      | Found a faded altar of an unknown god.
  2809 | D:3      | Reached XP level 4. HP: 23/37 MP: 4/4
  2944 | D:3      | Learned a level 2 spell: Wereblood
  3017 | D:3      | Noticed Natasha
  3027 | D:3      | Killed Natasha
  3115 | D:2      | Killed Crazy Yiuf
  3116 | D:2      | Reached XP level 5. HP: 43/43 MP: 5/5
  3214 | D:3      | Found Deschymi's Weapon Boutique.
  3520 | D:3      | Noticed Grinder
  3520 | D:3      | Paralysed by Grinder for 2 turns
  3556 | D:3      | Paralysed by something for 7 turns
  3661 | D:3      | Killed Grinder
  3662 | D:3      | Reached XP level 6. HP: 49/49 MP: 6/6
  3733 | D:3      | Noticed Natasha
  3737 | D:3      | Killed Natasha
  3793 | D:3      | Found an ancient bone altar of Kikubaaqudgha.
  3803 | D:3      | Reached XP level 7. HP: 55/55 MP: 7/7
  3921 | D:3      | Noticed Natasha
  3931 | D:3      | Killed Natasha
  3977 | D:3      | Reached skill level 5 in Fighting
  4166 | D:3      | Found a stormy altar of Qazlal.
  4167 | D:3      | Noticed Jessica
  4482 | D:4      | Reached skill level 5 in Maces & Flails
  4819 | D:4      | Noticed a two-headed ogre
  4828 | D:4      | Killed a two-headed ogre
  4829 | D:4      | Reached XP level 8. HP: 53/64 MP: 8/8
  4831 | D:4      | Found a sand-covered staircase.
  4837 | Ossuary  | Entered an ossuary
  5059 | D:4      | Identified the +2 leather armour "Nuham" {Fly rF- Stlth+}
  5285 | D:5      | Entered Level 5 of the Dungeon
  5307 | D:5      | Found a runed translucent gate.
  5307 | D:5      | Found a runed translucent gate.
  5308 | D:5      | Found a runed translucent gate.
  5308 | D:5      | Noticed LatOm's ghost (novice KoBe)
  5442 | D:5      | Reached XP level 9. HP: 21/69 MP: 9/9
  5492 | D:5      | Found a glowing drain.
  5528 | Sewer    | Entered a sewer
  5646 | Sewer    | Found a white marble altar of Elyvilon.
  5657 | Sewer    | Became a worshipper of Elyvilon the Healer
  6068 | D:5      | Found a sparkling altar of Nemelex Xobeh.
  6069 | D:5      | Found a shimmering altar of Xom.
  6073 | D:5      | Found a hide-covered altar of Uskayaw.
  6106 | D:5      | Reached * piety under Elyvilon
  6207 | D:5      | Killed LatOm's ghost
  6208 | D:5      | Reached skill level 5 in Armour
  6269 | D:6      | Noticed Eustachio
  6282 | D:6      | Killed Eustachio
  6347 | D:6      | Found a staircase to the Ecumenical Temple.
  6364 | Temple   | Entered the Ecumenical Temple
  6764 | D:6      | Reached skill level 10 in Maces & Flails
  6764 | D:6      | Reached XP level 10. HP: 74/76 MP: 10/10
  6852 | D:6      | Found a glowing silver altar of Zin.
  7339 | D:7      | Reached ** piety under Elyvilon
  7863 | D:8      | Noticed Grum
  7887 | D:8      | Killed Grum
  7979 | D:8      | Upgraded the game from 0.27-a0-1228-gfd60fd639a to
                  | 0.27-a0-1232-gc6a4cbde82
  8027 | D:8      | Identified the +8 hand axe "Namaecidu" {vorpal, *Slow
                  | Fragile +Blink rN+++}
  8100 | D:8      | Identified the +0 robe of Kodded {Will+ Str-5 Dex+7}
  8322 | D:8      | Reached skill level 5 in Dodging
  8820 | D:9      | Noticed Psyche
  8836 | D:8      | Reached skill level 1 in Invocations
  8917 | D:9      | Reached *** piety under Elyvilon
  8940 | D:9      | Reached skill level 2 in Invocations
  8992 | D:9      | Reached skill level 3 in Invocations
  8992 | D:9      | Reached XP level 11. HP: 65/83 MP: 13/13
  9041 | D:9      | Killed Psyche
  9042 | D:9      | Reached skill level 4 in Invocations
  9074 | D:9      | Found a staircase to the Orcish Mines.
  9243 | D:9      | Reached skill level 5 in Invocations
  9388 | D:9      | Noticed Erolcha
  9391 | D:9      | Killed Erolcha
  9662 | Orc:1    | Entered Level 1 of the Orcish Mines
  9815 | Orc:1    | Reached skill level 6 in Invocations
  9882 | Orc:1    | Noticed an orc knight
  9914 | Orc:1    | Noticed an orc sorcerer
  9921 | Orc:1    | Killed an orc sorcerer
  9953 | Orc:1    | Killed an orc knight
 10129 | Orc:1    | Reached skill level 7 in Invocations
 10239 | Orc:2    | Entered Level 2 of the Orcish Mines
 10330 | Orc:2    | Reached **** piety under Elyvilon
 10416 | Orc:2    | Found a frozen archway.
 10500 | IceCv    | Entered an ice cave
 10659 | IceCv    | Reached skill level 8 in Invocations
 10659 | IceCv    | Reached XP level 12. HP: 91/96 MP: 16/18
 10821 | IceCv    | Reached skill level 10 in Fighting
 10821 | IceCv    | Reached skill level 9 in Invocations
 10925 | IceCv    | Reached skill level 10 in Invocations
 11249 | IceCv    | Noticed a death yak
 11249 | IceCv    | Noticed a frost giant
 11258 | IceCv    | Killed a death yak
 11258 | IceCv    | Killed a frost giant
 11259 | IceCv    | Reached skill level 11 in Invocations
 11259 | IceCv    | Reached XP level 13. HP: 103/103 MP: 21/21
 11370 | IceCv    | Identified the ring "Vitead" {Ice Will- Str+4 Dex+3 SInv}
 11508 | Orc:2    | Reached skill level 5 in Shields
 11577 | Orc:2    | Found a staircase to the Elven Halls.
 11796 | Orc:2    | Found a radiant altar of Vehumet.
 11948 | Orc:2    | Found Innecem's Assorted Antiques.
 12003 | Orc:2    | HP: 5/103 [orc knight/+0 great mace (26)]
 12273 | Orc:2    | Found Leodemos's Magic Scroll Emporium.
 12296 | Orc:2    | Found Cenyo's Antique Armour Emporium.
 12303 | Orc:2    | Found Utyni's Assorted Antiques.
 12521 | D:10     | Entered Level 10 of the Dungeon
 12536 | D:10     | Found a staircase to the Lair.
 13292 | Lair:1   | Entered Level 1 of the Lair of Beasts
 13292 | Lair:1   | Noticed Joseph
 13309 | Lair:1   | Killed Joseph
 13414 | Lair:1   | Reached skill level 10 in Shields
 13456 | Lair:1   | Found an ancient bone altar of Kikubaaqudgha.
 13460 | Lair:1   | Identified the +3 dagger of the Revolution {vorpal, rElec
                  | Int+4}
 13559 | Lair:1   | Noticed an eight-headed hydra
 13563 | Lair:1   | Pacified an eight-headed hydra
 13619 | Lair:1   | Identified the +1 chain mail of Pragmatism {rElec Str-3
                  | Dex+5 Stlth+}
 13656 | Lair:1   | Noticed Harold
 13673 | Lair:1   | Killed Harold
 13686 | Lair:1   | Noticed Fannar
 13699 | Lair:1   | Killed Fannar
 13965 | Lair:1   | Identified a scroll of acquirement
 13971 | Lair:1   | Acquired 1000 gold pieces
 14501 | D:3      | Bought the +11 eveningstar of the Middle {freeze, rElec
                  | rC+} for 1327 gold pieces
 14591 | D:3      | Killed Jessica
 14766 | Orc:2    | Bought a scroll labelled TOUQITHOLE for 27 gold pieces
 14768 | Orc:2    | Bought a scroll of acquirement for 676 gold pieces
 14770 | Orc:2    | Acquired a manual of Armour
 14799 | Orc:2    | Bought a polished scale mail for 243 gold pieces
 14799 | Orc:2    | Identified the +0 scale mail "Jitzoemna" {-Cast rC++ Dex+5}
                  | (You bought it in a shop on level 2 of the Orcish Mines)
 15179 | Lair:2   | Reached XP level 14. HP: 110/110 MP: 22/22
 15530 | Lair:2   | Identified the +11 halberd of Ashenzari's Delight {flame,
                  | *Noise rC+ Str-4 Dex+10}
 15979 | Lair:2   | Found a staircase to the Swamp.
 16261 | Lair:3   | Found a staircase to the Snake Pit.
 16458 | Lair:3   | Noticed Sonja
 16465 | Lair:3   | Noticed Sonja
 16465 | Lair:3   | Sonja changed into Sonja the ogre
 16470 | Lair:3   | Killed Sonja the ogre
 17452 | Lair:4   | Reached ***** piety under Elyvilon
 17622 | Lair:4   | You fall into a shaft and drop 2 floors!
 17622 | Lair:6   | Entered Level 6 of the Lair of Beasts
 17907 | Lair:6   | Reached XP level 15. HP: 108/115 MP: 14/23
 17920 | Lair:6   | Reached skill level 15 in Shields
 18094 | Lair:5   | Found a staircase to the Slime Pits.
 18094 | Lair:5   | Found a viscous altar of Jiyva.
 18105 | Lair:5   | Identified the Catalogue of Glacial Sinister Magic
 18141 | Lair:5   | Identified the +3 arbalest of the Extremes {freeze, rC+
                  | rCorr Dex-2}
 18148 | Lair:5   | Acquired the +0 hat "Raeclefee" {Int+6}
 19379 | Lair:6   | Found the +8 mithril axe "Arga" {speed, Will+}
 19445 | Lair:6   | Reached skill level 10 in Armour
 19546 | Lair:6   | Identified the ring "Lepomeid" {rElec rPois rCorr SInv}
 19589 | Lair:6   | Noticed Rupert
 19604 | Lair:6   | Killed Rupert
 19605 | Lair:6   | Reached skill level 1 in Axes
 20005 | Lair:6   | Paralysed by a hornet for 3 turns
 20405 | Orc:2    | Bought a dazzling chain mail for 361 gold pieces
 20405 | Orc:2    | Identified the +2 chain mail of the Equinox {Stlth+} (You
                  | bought it in a shop on level 2 of the Orcish Mines)
 20444 | Elf:1    | Entered Level 1 of the Elven Halls
 20546 | Elf:1    | Reached ****** piety under Elyvilon
 20714 | Elf:1    | Reached XP level 16. HP: 104/122 MP: 24/24
 20730 | Elf:1    | Found a magical portal.
 20739 | WizLab   | Entered The Roulette of Golubria
 20739 | WizLab   | Found a transporter.
 20744 | WizLab   | Found a corrupted altar of Lugonu.
 20745 | WizLab   | Found the +1 cloak of Starlight {*Dazzle EV+4 Stlth--}
 20768 | WizLab   | Noticed a tentacled starspawn
 20777 | WizLab   | Killed a tentacled starspawn
 20807 | WizLab   | Found a transporter.
 20887 | WizLab   | Reached skill level 5 in Axes
 20903 | WizLab   | Found a transporter.
 20903 | WizLab   | Found a transporter.
 20907 | WizLab   | Found a corrupted altar of Lugonu.
 20958 | WizLab   | Found a transporter.
 21013 | WizLab   | Found a transporter.
 21052 | WizLab   | Found a transporter.
 21093 | WizLab   | Found a transporter.
 21271 | WizLab   | Found a transporter.
 21271 | WizLab   | Found a transporter.
 21413 | WizLab   | Found a transporter.
 21413 | WizLab   | Found a transporter.
 21470 | WizLab   | Found a transporter.
 21470 | WizLab   | Found a transporter.
 21497 | WizLab   | Identified Golubria's Tome of Dislocation
 21510 | WizLab   | Noticed a tentacled starspawn
 21510 | WizLab   | Found a transporter.
 21515 | WizLab   | Killed a tentacled starspawn
 21536 | WizLab   | Found a transporter.
 21563 | WizLab   | Learned a level 2 spell: Blink
 21575 | WizLab   | Found a transporter.
 21584 | WizLab   | Found a transporter.
 21603 | WizLab   | Identified the +1 cloak of Nioghaj {Fly Will- rCorr Stlth-}
 22312 | Elf:1    | Found Tydym's Armour Boutique.
 22391 | Elf:1    | Identified the +1 hand axe of the Walnut {vorpal, *Corrode
                  | rElec Str+4}
 22578 | Orc:2    | Bought a scorched chain mail for 313 gold pieces
 22578 | Orc:2    | Identified the +0 chain mail of Gehio {Contam Rampage
                  | Str+4} (You bought it in a shop on level 2 of the Orcish
                  | Mines)
 22595 | Orc:2    | Bought a scroll of fog for 26 gold pieces
 22790 | D:11     | Reached skill level 10 in Axes
 22800 | D:11     | Found a viscous altar of Jiyva.
 23609 | D:11     | Reached XP level 17. HP: 84/128 MP: 23/25
 24200 | D:12     | Identified the +7 hunting sling "Wigask" {venom, rPois
                  | Str-4 Int+4}
 24328 | D:12     | Identified the Collected Works on Congealing Ignition
 24372 | D:12     | Identified the +5 long sword of Divine Honour {protect, rF+
                  | Str+4 Dex-4}
 24407 | D:12     | Found Jiran's Assorted Antiques.
 24436 | D:12     | Noticed Snorg
 24446 | D:12     | Killed Snorg
 26118 | D:13     | Found a gate to the Vaults.
 26230 | D:13     | Upgraded the game from 0.27-a0-1232-gc6a4cbde82 to
                  | 0.27-a0-1245-g940ed4fa31
 26294 | D:14     | Found a radiant altar of Vehumet.
 27096 | D:15     | Entered Level 15 of the Dungeon
 27124 | D:15     | Reached skill level 15 in Axes
 27128 | D:15     | Reached XP level 18. HP: 125/134 MP: 26/26
 27889 | D:15     | Found a staircase to the Depths.
 28127 | Depths:1 | Entered Level 1 of the Depths
 28301 | Snake:1  | Entered Level 1 of the Snake Pit
 28356 | Snake:1  | Found Gaprul's Book Shop.
 29146 | Snake:2  | Noticed Nikola
 29157 | Snake:2  | Killed Nikola
 29262 | Snake:2  | Found a transporter.
 29323 | Snake:2  | Noticed a Hell Sentinel
 29330 | Snake:2  | Found a one-way gate to the infinite horrors of the Abyss.
 29353 | Snake:2  | Reached skill level 15 in Armour
 29747 | Snake:2  | You are sucked into a shaft and drop 1 floor!
 30212 | Snake:2  | Found a transporter.
 30692 | Snake:2  | Identified the +12 hand axe "Vor Ukhluso" {antimagic, rElec
                  | rF- rN+}
 30757 | Snake:2  | Noticed tilp's ghost (adept BaSu)
 30768 | Snake:2  | Reached XP level 19. HP: 128/142 MP: 27/27
 30774 | Snake:2  | Killed tilp's ghost
 30800 | Snake:2  | Killed a Hell Sentinel
 30802 | Snake:2  | Reached skill level 12 in Invocations
 30957 | Snake:3  | Found Meraub's Book Shoppe.
 31143 | Snake:3  | Noticed Vashnia
 31450 | Snake:2  | Killed Vashnia
 31684 | Snake:4  | Entered Level 4 of the Snake Pit
 31944 | Snake:4  | Reached skill level 13 in Invocations
 32611 | Snake:4  | Reached skill level 14 in Invocations
 32673 | Snake:4  | Reached XP level 20. HP: 115/156 MP: 20/30
 33259 | Snake:4  | Got a serpentine rune of Zot
 33665 | Swamp:1  | Entered Level 1 of the Swamp
 34250 | Swamp:2  | Noticed Ibis19's ghost (adept MiBe)
 34250 | Swamp:2  | Noticed a tentacled monstrosity
 34251 | Swamp:2  | Found a runed translucent gate.
 34251 | Swamp:2  | Found a runed translucent gate.
 34252 | Swamp:2  | Noticed a tentacled monstrosity
 34257 | Swamp:2  | Found a runed translucent gate.
 34285 | Swamp:2  | Killed a tentacled monstrosity
 34289 | Swamp:2  | Killed a tentacled monstrosity
 34290 | Swamp:2  | Reached skill level 15 in Invocations
 34441 | Swamp:1  | Killed Ibis19's ghost
 34541 | Swamp:2  | Identified the +0 helmet of the Abyss {*Slow rF+ Regen+}
 35190 | Swamp:3  | Upgraded the game from 0.27-a0-1245-g940ed4fa31 to
                  | 0.27-a0-1273-gec92ba881d
 35295 | Swamp:3  | Noticed Kirke
 35306 | Swamp:3  | Killed Kirke
 35325 | Swamp:3  | Reached skill level 15 in Fighting
 35674 | Swamp:4  | Entered Level 4 of the Swamp
 35742 | Swamp:4  | Found a runed translucent door.
 35743 | Swamp:4  | Noticed Mesmaeker13's ghost (adept FoFi)
 36039 | Swamp:4  | Killed Mesmaeker13's ghost
 36303 | Swamp:4  | Noticed the 27-headed Lernaean hydra
 36335 | Swamp:4  | Killed the 27-headed Lernaean hydra
 36336 | Swamp:4  | Reached XP level 21. HP: 168/168 MP: 32/32
 36469 | Swamp:4  | Got a decaying rune of Zot
 37187 | Vaults:1 | Entered Level 1 of the Vaults
 37457 | Vaults:1 | Reached skill level 10 in Dodging
 37457 | Vaults:1 | Reached skill level 1 in Translocations
 39033 | Vaults:2 | Reached XP level 22. HP: 110/177 MP: 30/33
 39185 | Vaults:2 | Reached skill level 16 in Invocations
 39302 | Vaults:2 | Upgraded the game from 0.27-a0-1273-gec92ba881d to
                  | 0.27-a0-1278-g6cbc8dfb29
 39648 | Vaults:2 | Found Guggaeh's Book Shop.
 40184 | Vaults:3 | Found Giosk's Distillery.
 40719 | Vaults:3 | Found a staircase to the Crypt.
 41013 | Vaults:4 | Found a huge runed gate.
 41013 | Vaults:4 | Found a huge runed gate.
 41013 | Vaults:4 | Found a huge runed gate.
 41013 | Vaults:4 | Found a huge runed gate.
 41014 | Vaults:4 | Found a huge runed gate.
 41014 | Vaults:4 | Found a huge runed gate.
 41014 | Vaults:4 | Found a huge runed gate.
 41014 | Vaults:4 | Found a huge runed gate.
 41016 | Vaults:4 | Found a huge runed gate.
 41018 | Vaults:4 | Found a huge runed gate.
 41018 | Vaults:4 | Found a huge runed gate.
 41018 | Vaults:4 | Found a huge runed gate.
 41018 | Vaults:4 | Found a huge runed gate.
 41018 | Vaults:4 | Found a huge runed gate.
 41018 | Vaults:4 | Found a huge runed gate.
 41019 | Vaults:4 | Found a huge runed gate.
 41231 | Vaults:4 | Found a huge runed gate.
 41231 | Vaults:4 | Found a huge runed gate.
 41233 | Vaults:4 | Found a huge runed gate.
 41233 | Vaults:4 | Found a huge runed gate.
 41233 | Vaults:4 | Found a huge runed gate.
 41233 | Vaults:4 | Found a huge runed gate.
 41233 | Vaults:4 | Found a huge runed gate.
 41234 | Vaults:4 | Found a huge runed gate.
 41235 | Vaults:4 | Found a huge runed gate.
 41236 | Vaults:4 | Found a huge runed gate.
 41237 | Vaults:4 | Found a huge runed gate.
 41245 | Vaults:4 | Found a huge runed gate.
 41245 | Vaults:4 | Found a huge runed gate.
 41245 | Vaults:4 | Found a huge runed gate.
 41245 | Vaults:4 | Found a huge runed gate.
 41245 | Vaults:4 | Found a huge runed gate.
 41245 | Vaults:4 | Found a huge runed gate.
 41246 | Vaults:4 | Found a huge runed gate.
 41247 | Vaults:4 | Found a huge runed gate.
 41249 | Vaults:4 | Found a huge runed gate.
 41444 | Vaults:4 | Reached skill level 17 in Invocations
 41786 | Vaults:4 | Identified the +7 spear "Odecs" {drain, rC+}
 41924 | Vaults:4 | Reached XP level 23. HP: 184/186 MP: 35/35
 42227 | Vaults:4 | Noticed an ancient lich
 42373 | Vaults:4 | Killed an ancient lich
 42420 | Vaults:4 | HP: 6/188 [vault warden/bolt (5)]
 42423 | Vaults:4 | Elyvilon protects you from harm!
 42766 | Depths:1 | Noticed Bai Suzhen
 42834 | D:15     | Killed Bai Suzhen
 43218 | Vaults:5 | Entered Level 5 of the Vaults
 43226 | Vaults:5 | Reached skill level 18 in Invocations
 43318 | Vaults:5 | Noticed a dread lich
 43505 | Vaults:5 | Noticed an ancient lich
 43521 | Vaults:4 | Reached XP level 24. HP: 160/197 MP: 36/36
 43536 | Vaults:4 | Killed a dread lich
 43586 | Vaults:4 | Killed an ancient lich
 43587 | Vaults:4 | Reached skill level 5 in Evocations
 43998 | Vaults:5 | Got a silver rune of Zot
 44147 | Vaults:5 | Identified the +7 broad axe "Ducoec" {holy, rPois Int+2}
 44373 | Vaults:5 | Reached skill level 10 in Evocations
 44513 | Vaults:5 | Found Baneblir's Distillery.
 44513 | Vaults:5 | Found Urear's Magic Scroll Shoppe.
 44618 | Vaults:5 | Found Peisom's Magic Scroll Boutique.
 44662 | Vaults:5 | Identified the Disquisition on the Birds
 44736 | Vaults:5 | Acquired a manual of Fighting
 44751 | Vaults:5 | Identified the ring "Sucefu" {rF+ rN+ Will+}
 45240 | Vaults:5 | Found Cecithrim's Distillery.
 45244 | Vaults:5 | Found Seichorum's Distillery.
 45245 | Vaults:5 | Bought 2 potions of mutation for 208 gold pieces
 45328 | Vaults:5 | Found Befeah's Distillery.
 45336 | Vaults:5 | Found Mash's Magic Scroll Shop.
 45469 | Vaults:2 | Bought a manual of Axes for 1766 gold pieces
 45582 | Vaults:5 | Bought 3 potions of mutation for 312 gold pieces
 45715 | Vaults:1 | Upgraded the game from 0.27-a0-1278-g6cbc8dfb29 to
                  | 0.27-a0-1281-ge233d83751
 45801 | Depths:1 | Reached XP level 25. HP: 204/205 MP: 36/36
 45934 | Depths:1 | Found a broken altar of Ashenzari.
 46582 | Depths:1 | Found a gateway to Hell.
 46895 | Depths:2 | Found a one-way gate leading to the halls of Pandemonium.
 46913 | Depths:2 | Found a radiant altar of Vehumet.
 47310 | Depths:2 | Noticed Louise
 47330 | Depths:2 | Killed Louise
 47804 | Depths:2 | Found a shimmering blue altar of Sif Muna.
 48152 | Depths:3 | Identified the +0 pair of boots of Theory {*Slow rElec
                  | rCorr Dex+4}
 48214 | Depths:3 | Identified the +1 robe of Xoytof {rC++ rN+ Dex+7}
 48393 | Depths:3 | Upgraded the game from 0.27-a0-1281-ge233d83751 to
                  | 0.27-a0-1287-gca74d27db6
 48423 | Depths:3 | Reached XP level 26. HP: 205/222 MP: 36/36
 48557 | Depths:3 | Found a sparkling altar of Nemelex Xobeh.
 49076 | Depths:3 | Found a white marble altar of Elyvilon.
 49120 | Depths:3 | Acquired 891 gold pieces
 49495 | Depths:4 | Noticed Margery
 49525 | Depths:4 | Killed Margery
 49629 | Depths:4 | Found a stormy altar of Qazlal.
 49657 | Depths:4 | Noticed Xtahua
 49674 | Depths:4 | Killed Xtahua
 50167 | Depths:4 | Noticed Frederick
 50182 | Depths:4 | Killed Frederick
 50531 | Depths:4 | Reached skill level 19 in Invocations
 50567 | Depths:4 | Noticed Sojobo
 50604 | Depths:4 | Killed Sojobo
 50759 | Depths:5 | Entered Level 5 of the Depths
 50798 | Depths:5 | Reached XP level 27. HP: 231/231 MP: 36/36
 50889 | Depths:5 | Reached skill level 20 in Invocations
 50955 | Depths:5 | Found a gate to the Realm of Zot.
 51320 | Depths:5 | Noticed a juggernaut
 51339 | Depths:5 | Killed a juggernaut
 51340 | Depths:5 | Reached skill level 21 in Invocations
 51674 | Depths:5 | Found a gateway to a ziggurat.
 51913 | Zot:1    | Entered Level 1 of the Realm of Zot
 52119 | Zot:1    | Reached skill level 22 in Invocations
 52518 | Zot:3    | Noticed a Killer Klown
 52520 | Zot:3    | Noticed a Killer Klown
 52551 | Zot:3    | Noticed a juggernaut
 52551 | Zot:3    | a Killer Klown changed into a juggernaut
 52564 | Zot:3    | Killed a juggernaut
 52578 | Zot:3    | Killed a Killer Klown
 52746 | Zot:3    | Reached skill level 23 in Invocations
 53087 | Zot:5    | Entered Level 5 of the Realm of Zot
 53127 | Zot:5    | Identified the +0 chain mail of Kuracs {Str+5}
 53138 | Zot:5    | Found a huge runed gate.
 53138 | Zot:5    | Found a huge runed gate.
 53138 | Zot:5    | Found a huge runed gate.
 53138 | Zot:5    | Found a huge runed gate.
 53138 | Zot:5    | Found a huge runed gate.
 53154 | Zot:5    | Found a huge runed gate.
 53155 | Zot:5    | Found a huge runed gate.
 53155 | Zot:5    | Found a huge runed gate.
 53156 | Zot:5    | Found a huge runed gate.
 53156 | Zot:5    | Found a huge runed gate.
 53157 | Zot:5    | Found a huge runed gate.
 53158 | Zot:5    | Found a huge runed gate.
 53159 | Zot:5    | Found a huge runed gate.
 53160 | Zot:5    | Found a huge runed gate.
 53353 | Zot:5    | Found a huge runed gate.
 53353 | Zot:5    | Found a huge runed gate.
 53353 | Zot:5    | Found a huge runed gate.
 53353 | Zot:5    | Found a huge runed gate.
 53353 | Zot:5    | Found a huge runed gate.
 53353 | Zot:5    | Found a huge runed gate.
 53354 | Zot:5    | Found a huge runed gate.
 53371 | Zot:5    | Found a huge runed gate.
 53371 | Zot:5    | Found a huge runed gate.
 53397 | Zot:5    | Found a huge runed gate.
 53397 | Zot:5    | Found a huge runed gate.
 53398 | Zot:5    | Found a huge runed gate.
 53398 | Zot:5    | Found a huge runed gate.
 53416 | Zot:5    | Reached skill level 24 in Invocations
 53421 | Zot:5    | Found a huge runed gate.
 53654 | Zot:5    | Found a huge runed gate.
 53654 | Zot:5    | Found a huge runed gate.
 53655 | Zot:5    | Found a huge runed gate.
 53722 | Zot:4    | Reached skill level 5 in Translocations
 53951 | Zot:4    | Reached skill level 10 in Translocations
 54055 | Zot:5    | Noticed a dread lich
 54059 | Zot:5    | Noticed a dread lich
 54064 | Zot:5    | Noticed an orb of fire
 54065 | Zot:5    | Pacified a dread lich
 54075 | Zot:5    | Killed a dread lich
 54078 | Zot:5    | Gained mutation: You are occasionally teleported next to
                  | monsters. [an orb of fire]
 54086 | Zot:5    | Gained mutation: Armour fits poorly on your strangely
                  | shaped body. [an orb of fire]
 54087 | Zot:5    | Gained mutation: Your spells are a little easier to cast,
                  | but a little less powerful. [an orb of fire]
 54090 | Zot:5    | Noticed a Killer Klown
 54100 | Zot:5    | Killed an orb of fire
 54101 | Zot:5    | Noticed an ancient lich
 54102 | Zot:5    | Noticed an ancient lich
 54151 | Zot:5    | Noticed a dread lich
 54171 | Zot:5    | Killed a dread lich
 54176 | Zot:5    | Noticed an orb of fire
 54176 | Zot:5    | Noticed an orb of fire
 54177 | Zot:5    | Noticed a dread lich
 54177 | Zot:5    | Gained mutation: Your body sometimes deteriorates upon
                  | taking damage. [an orb of fire]
 54177 | Zot:5    | Noticed a Killer Klown
 54182 | Zot:5    | Gained mutation: Your magical capacity is low. (-10% MP)
                  | [an orb of fire]
 54192 | Zot:5    | Noticed a Killer Klown
 54195 | Zot:5    | Noticed a dread lich
 54208 | Zot:5    | Gained mutation: You are weak. (Str -2) [an orb of fire]
 54210 | Zot:5    | Gained mutation: Your magical capacity is very low. (-20%
                  | MP) [an orb of fire]
 54214 | Zot:5    | Gained mutation: Your magical capacity is extremely low.
                  | (-30% MP) [an orb of fire]
 54221 | Zot:5    | Gained mutation: You are very weak. (Str -4) [an orb of
                  | fire]
 54224 | Zot:5    | Gained mutation: You are clumsy. (Dex -2) [an orb of fire]
 54225 | Zot:5    | Gained mutation: Your spells are easier to cast, but less
                  | powerful. [an orb of fire]
 54227 | Zot:5    | Noticed a Killer Klown
 54228 | Zot:5    | HP: 7/209 [shadow dragon (5)]
 54235 | Zot:5    | Noticed a Killer Klown
 54235 | Zot:5    | Noticed a Killer Klown
 54235 | Zot:5    | Noticed a Killer Klown
 54235 | Zot:5    | Noticed a Killer Klown
 54235 | Zot:5    | Noticed a Killer Klown
 54235 | Zot:5    | Noticed a Killer Klown
 54235 | Zot:5    | Noticed a Killer Klown
 54235 | Zot:5    | Noticed a Killer Klown
 54319 | Zot:4    | Lost mutation: You are occasionally teleported next to
                  | monsters. [potion of mutation]
 54319 | Zot:4    | Lost mutation: Your magical capacity is extremely low.
                  | (-30% MP) [potion of mutation]
 54319 | Zot:4    | Gained mutation: You expend magic power (3 MP) to
                  | strengthen your wands. [potion of mutation]
 54319 | Zot:4    | Lost mutation: Your magical capacity is very low. (-20% MP)
                  | [potion of mutation]
 54320 | Zot:4    | Lost mutation: Your body sometimes deteriorates upon taking
                  | damage. [potion of mutation]
 54320 | Zot:4    | Lost mutation: You are clumsy. (Dex -2) [potion of
                  | mutation]
 54320 | Zot:4    | Gained mutation: You are frail. (-10% HP) [potion of
                  | mutation]
 54320 | Zot:4    | Lost mutation: You expend magic power (3 MP) to strengthen
                  | your wands. [potion of mutation]
 54320 | Zot:4    | Gained mutation: Your mind is acute. (Int +2) [potion of
                  | mutation]
 54321 | Zot:4    | Lost mutation: You are frail. (-10% HP) [potion of
                  | mutation]
 54321 | Zot:4    | Gained mutation: You are strong-willed. (Will+) [potion of
                  | mutation]
 54321 | Zot:4    | Gained mutation: You are partially covered in iridescent
                  | scales. (AC +2) [potion of mutation]
 54322 | Zot:4    | Lost mutation: Your spells are easier to cast, but less
                  | powerful. [potion of mutation]
 54322 | Zot:4    | Lost mutation: You are partially covered in iridescent
                  | scales. (AC +2) [potion of mutation]
 54322 | Zot:4    | Lost mutation: You are strong-willed. (Will+) [potion of
                  | mutation]
 54322 | Zot:4    | Gained mutation: Your magical capacity is very low. (-20%
                  | MP) [potion of mutation]
 54323 | Zot:4    | Lost mutation: Your magical capacity is very low. (-20% MP)
                  | [potion of mutation]
 54323 | Zot:4    | Lost mutation: Your spells are a little easier to cast, but
                  | a little less powerful. [potion of mutation]
 54323 | Zot:4    | Lost mutation: Your magical capacity is low. (-10% MP)
                  | [potion of mutation]
 54323 | Zot:4    | Gained mutation: You sometimes lose the ability to read
                  | scrolls when taking damage. [potion of mutation]
 54323 | Zot:4    | Lost mutation: You sometimes lose the ability to read
                  | scrolls when taking damage. [potion of mutation]
 54324 | Zot:4    | Lost mutation: Your mind is acute. (Int +2) [potion of
                  | mutation]
 54324 | Zot:4    | Lost mutation: Armour fits poorly on your strangely shaped
                  | body. [potion of mutation]
 54324 | Zot:4    | Lost mutation: You are very weak. (Str -4) [potion of
                  | mutation]
 54324 | Zot:4    | Gained mutation: You sometimes lose the ability to read
                  | scrolls when taking damage. [potion of mutation]
 54324 | Zot:4    | Gained mutation: You passively map a small area around you.
                  | [potion of mutation]
 54325 | Zot:4    | Lost mutation: You are weak. (Str -2) [potion of mutation]
 54325 | Zot:4    | Lost mutation: You sometimes lose the ability to read
                  | scrolls when taking damage. [potion of mutation]
 54325 | Zot:4    | Gained mutation: You sometimes lose the ability to read
                  | scrolls when taking damage. [potion of mutation]
 54325 | Zot:4    | Gained mutation: You possess an exceptional clarity of
                  | mind. [potion of mutation]
 54427 | Depths:5 | Lost mutation: You possess an exceptional clarity of mind.
                  | [potion of mutation]
 54427 | Depths:5 | Lost mutation: You sometimes lose the ability to read
                  | scrolls when taking damage. [potion of mutation]
 54427 | Depths:5 | Lost mutation: You passively map a small area around you.
                  | [potion of mutation]
 54427 | Depths:5 | Gained mutation: You sometimes lose the ability to read
                  | scrolls when taking damage. [potion of mutation]
 54427 | Depths:5 | Gained mutation: You have a pair of small horns on your
                  | head. [potion of mutation]
 54733 | Temple   | Fell from the grace of Elyvilon
 54733 | Temple   | Became a worshipper of the Shining One
 54733 | Temple   | Reached * piety under the Shining One
 54733 | Temple   | Reached ** piety under the Shining One
 55006 | Crypt:1  | Entered Level 1 of the Crypt
 55110 | Crypt:1  | Reached *** piety under the Shining One
 55378 | Crypt:1  | Reached **** piety under the Shining One
 55751 | Crypt:2  | Reached ***** piety under the Shining One
 55891 | Crypt:2  | Reached skill level 25 in Invocations
 56058 | Crypt:2  | Reached ****** piety under the Shining One
 56229 | Crypt:1  | Found an ancient bone altar of Kikubaaqudgha.
 56647 | Crypt:3  | Entered Level 3 of the Crypt
 56946 | Crypt:3  | Found a basalt altar of Yredelemnul.
 56978 | Crypt:3  | Reached skill level 26 in Invocations
 57143 | Crypt:3  | Noticed Saint Roka
 57196 | Crypt:3  | Killed Saint Roka
 57217 | Crypt:3  | Noticed Khufu
 57219 | Crypt:3  | Noticed a royal mummy
 57220 | Crypt:3  | Noticed a royal mummy
 57226 | Crypt:3  | HP: 7/231 [the ghostly Saint Roka/divine providence (12)]
 57228 | Crypt:3  | Killed the ghostly Saint Roka
 57228 | Crypt:3  | Killed from afar by a royal mummy

Illustrated notes

Levels and vault maps discovered:
D:1:      pf_arrival_petrified_forest, layout_basic
D:2:      layout_loops_cross, uniq_crazy_yiuf_cottage
D:3:      layout_loops_corners, nicolae_overflow_hidden_temple,
          kennysheep_vampire_church, shapermc_ecumenical_altar_venn,
          serial_shops, nicolae_shop_trees, kennysheep_flooded_box,
          uniq_grinder, uniq_jessica, uniq_natasha
D:4:      layout_basic, nicolae_ossuary_entry_plus
D:5:      layout_gridville, grunt_temple_overflow_open, portal_sewer_entry_c,
          gammafunk_ghost_split
D:6:      layout_basic, zin_treasury, minmay_temple_entry_wispy,
          chequers_serial_rivers_small_3, uniq_eustachio
D:7:      layout_loops_ring
D:8:      layout_basic, uniq_grum
D:9:      layout_gridville, zombieorc1_lemuel, uniq_erolcha, uniq_psyche
D:10:     layout_small_grid, david_lair_generic, billiards_dpeg
D:11:     nzn_winding_woodlands_large [nzn_winding_woodlands_5x5_closed_star,
          nzn_winding_woodlands_5x15_eye, nzn_winding_woodlands_5x5_perimeter,
          nzn_winding_woodlands_center_pierced_h,
          nzn_winding_woodlands_15x15_boxy_spiral,
          nzn_winding_woodlands_center_diamonds,
          nzn_winding_woodlands_5x5_open_star,
          nzn_winding_woodlands_5x15_garden, nzn_winding_woodlands_5x5_three],
          layout_basic, jiyva_altar_1
D:12:     minmay_the_grid_octo_tiled_squarecenter_mashed
          [minmay_the_grid_octo_fat_diamond, minmay_the_grid_octo_empty,
          minmay_the_grid_octo_teeth, minmay_the_grid_octo_clover_2,
          minmay_the_grid_square_5x5_megaprize_hollow,
          minmay_the_grid_square_5x5_n, minmay_the_grid_square_5x5_v,
          minmay_the_grid_square_5x5_tie, minmay_the_grid_square_5x5_fat_x],
          layout_rooms, serial_shops, nicolae_shop_trees, uniq_snorg
D:13:     layout_layer_cave, grunt_vaults_entry_fortified
D:14:     layout_basic, basic_altar
D:15:     gammafunk_depths_entry_grave, layout_irregular_city,
          amcnicky_mini_rare_corridor_liquid
Temple:   nicolae_temple_x_marks_the_god
Lair:1:   layout_cave_pods, basic_altar, guppyfry_lair_drakes, uniq_fannar,
          uniq_harold, uniq_joseph
Lair:2:   layout_chaotic_city, palyth_hydra_swamp_entry,
          grunt_forest_small_clearing_treed
Lair:3:   beast_lair_carwin_large_4, layout_chaotic_city, dummy_snake_entry,
          nicolae_quartered_pool_super, st_stairs_12, serial_bayou_pond_d,
          uniq_sonja
Lair:4:   layout_regular_city
Lair:5:   layout_regular_city, slime_altar_1, chequers_serial_rivers_micro_b,
          infiniplex_staircase_pool_2
Lair:6:   gammafunk_lair_ancient_temple, layout_hall_layers, uniq_rupert
Swamp:1:  layout_basic_swamp, hangedman_swamp_lotus
Swamp:2:  layout_basic_swamp, gammafunk_ghost_split, hangedman_swamp_diagram
Swamp:3:  layout_falls_marsh, evilmike_swamp_ruin_house_3, swamp_pool1,
          infiniplex_staircase_pool, uniq_kirke
Swamp:4:  swamp_old_school, layout_basic_swamp, gammafunk_ghost_grave,
          swamp_pool3, beargit_elvish_explorers
Snake:1:  layout_misc_corridors, serial_shops, nicolae_shop_behind_doors
Snake:2:  layout_chambers, gammafunk_ghost_abyssal_escape, uniq_nikola
Snake:3:  layout_misc_corridors, serial_shops, shop, serial_bayou_shore_a,
          uniq_vashnia
Snake:4:  snake_pit, layout_misc_corridors
Orc:1:    layout_diamond_mine, basic_altar
Orc:2:    st_orc_elflike, layout_diamond_mine, portal_ice_cave_demonic_guard,
          basic_altar
Elf:1:    elf_arrival_001, layout_loops_corners, mu_enter_wizlab_4,
          serial_shops, nicolae_shop_crystal, kennysheep_underground_church
Vaults:1: nicolae_vaults_little_squares_1, v_alt_pattern_5,
          nicolae_vaults_network_quincunx
          [nicolae_vaults_network_quincunx_subvault,
          nicolae_vaults_network_quincunx_subvault,
          nicolae_vaults_network_quincunx_subvault,
          nicolae_vaults_network_quincunx_subvault,
          nicolae_vaults_network_quincunx_subvault],
          nicolae_vaults_little_squares_5, ontoclasm_vaults_ring_large,
          v_misc_19, ontoclasm_vaults_ligature, nicolae_vaults_back_hallway,
          nicolae_vaults_sealed_display, nicolae_vaults_asterisk,
          nicolae_vaults_alarming, ontoclasm_vaults_chip, nicolae_vaults_theta,
          layout_vaults_omnibox
Vaults:2: v_misc_30, st_more_cells, vaults_room_mumra_shop_pool,
          ontoclasm_vaults_decontamination, nicolae_vaults_network_star,
          nicolae_vaults_little_squares_5, vaults_room_pools,
          hangedman_vaults_corner, v_misc_11, grunt_vaults_swirl,
          vaults_room_grunt_arrival_checkpoint, ontoclasm_vaults_shuriken,
          ontoclasm_vaults_pinch, ontoclasm_vaults_loading_screen,
          layout_vaults_maze
Vaults:3: hangedman_vaults_capsules, v_misc_30, grunt_vaults_funnel,
          vaults_room_door_ring, minmay_crypt_entry_simple_round,
          grunt_vaults_hallway_long, dpeg_vaults_monster_box, vaults_dpeg_hooks,
          layout_vaults_big_room, serial_shops, shop
Vaults:4: vaults_door_vault, vaults_mumra_chevron_long, v_misc_12,
          vaults_room_door_hall, vaults_room_grid,
          vaults_standard_mumra_enter_the_diamond, nicolae_vaults_specimen_jars,
          vaults_room_boxed, nicolae_vaults_gold_heap, hangedman_vaults_nails,
          layout_vaults_omnicross
Vaults:5: serial_shops
Crypt:1:  layout_chaotic_city, lemuel_upstairs_altar, grunt_crypt_arrival_split
Crypt:2:  layout_gridlike
Crypt:3:  grunt_crypt_end_deaths_head, uniq_saint_roka, uniq_khufu, uniq_boris
Depths:1: layout_basic, hangedman_geh_valley, nicolae_ashenzari_skybound,
          uniq_bai_suzhen
Depths:2: minmay_crystal_thing, layout_basic, hellmouth_3,
          nicolae_vehumet_altar_sigil, nicolae_abyss_entry_one_way_or_another,
          rand_demon_pan_entry_8
Depths:3: minmay_tri_stars, layout_gridlike, abyss_entry,
          grunt_pan_entry_spiral, hell_entry, elyvilon_altar_3,
          nemelex_lonely_heart_becter
Depths:4: minmay_slanted_spiral_squares, layout_gridlike, lightli_too_deep,
          hangedman_decor_push, abyss_entry, glass_columns_a,
          grunt_qazlal_sundering, grunt_megastairs_3, uniq_sojobo, uniq_xtahua,
          uniq_frederick, uniq_margery
Depths:5: grunt_twist_and_shout, layout_cave_shapes, enter_ziggurat_d,
          grunt_hell_entry_dis_mu
Zot:1:    layout_misc_corridors, grunt_megastairs_5
Zot:2:    layout_misc_corridors, zot_minivault_1
Zot:3:    circus_mu, layout_misc_corridors, hangedman_zot_decor_checkerboard,
          grunt_ministairs_6, st_large_dragon_hoard_1
Zot:4:    layout_basic
Zot:5:    layout_onion, grunt_ministairs_1, drop_trap, door_vault

Skill      XL: |  1  2  3  4  5  6  7  8  9 10 11 12 13 14 15 16 17 18 19 20 21 22 23 24 25 26 27 |
---------------+----------------------------------------------------------------------------------+-----
Fighting       | 2 3 4 6 9 10 13 15 16 17 18 21 22 | 22.0
Maces & Flails | 3 4 7 8 10 11 12 13 | 13.2
Armour         | 3 6 12 13 15 16 17 18 20 | 20.0
Dodging        | 5 8 10 | 10.0
Invocations    | 3 8 11 14 15 17 18 19 26 | 26.2
Shields        | 4 11 14 15 | 15.0
Axes           | 4 11 15 16 19 | 19.7
Translocations | 1 14 | 14.0
Evocations     | 10 | 10.0
Stealth        | |  1.0

Action                   |  1- 3 |  4- 6 |  7- 9 | 10-12 | 13-15 | 16-18 | 19-21 | 22-24 | 25-27 || total
-------------------------+-------+-------+-------+-------+-------+-------+-------+-------+-------++-------
Melee: Club              |    83 |       |       |       |       |       |       |       |       ||    83
       Hand axe          |     7 |       |       |       |       |       |       |       |       ||     7
       Long sword        |    19 |    11 |       |       |       |       |       |       |       ||    30
       Quarterstaff      |       |    21 |   166 |       |       |       |       |       |       ||   187
       Whip              |       |       |   180 |   930 |   373 |       |       |       |       ||  1483
       Eveningstar       |       |       |       |       |   726 |   562 |   140 |       |       ||  1428
       Broad axe         |       |       |       |       |       |   838 |  1521 |  1415 |  3201 ||  6975
       Headbutt          |       |       |       |       |       |       |       |       |   200 ||   200
Throw: Dart              |    25 |     1 |       |       |       |     8 |     3 |     5 |     1 ||    43
       Throwing net      |       |       |       |       |     2 |     1 |       |       |     1 ||     4
 Cast: Blink             |       |       |       |       |       |       |       |       |     3 ||     3
Invok: Lesser Healing    |       |       |       |    18 |    24 |    34 |    28 |    16 |    43 ||   163
       Heal Other        |       |       |       |       |    23 |     2 |     8 |    10 |    18 ||    61
       Purification      |       |       |       |       |     4 |     4 |       |       |     2 ||    10
       Greater Healing   |       |       |       |       |       |     9 |    20 |    13 |     7 ||    49
Evoke: Wand              |    17 |     6 |     6 |    17 |    28 |    34 |    34 |     5 |     6 ||   153
       Piece from Xom's  |    12 |     2 |     4 |       |     1 |       |       |       |       ||    19
       Tin of tremorston |       |       |       |       |       |     4 |     4 |     1 |     5 ||    14
       Box of beasts     |       |       |       |       |       |     1 |     3 |       |     2 ||     6
       Phantom mirror    |       |       |       |       |       |       |       |       |     1 ||     1
  Use: Potion            |     5 |     1 |     1 |       |     4 |     2 |     8 |     2 |    14 ||    37
       Scroll            |     4 |     1 |     9 |     6 |    13 |     2 |     6 |    17 |     9 ||    67
 Stab: Sleeping          |     2 |       |     2 |       |     2 |     1 |       |       |       ||     7
       Paralysed         |       |       |     1 |       |       |     6 |       |       |       ||     7
       Confused          |       |       |     1 |       |       |       |     1 |       |       ||     2
       Distracted        |       |       |       |     1 |       |       |       |       |     3 ||     4
       Held in net/web   |       |       |       |       |     1 |       |       |       |       ||     1
       Invisible         |       |       |       |       |       |    31 |    39 |    46 |    45 ||   161
       Petrified         |       |       |       |       |       |     4 |       |       |       ||     4
       Petrifying        |       |       |       |       |       |     2 |       |       |       ||     2
Armor: Leather armour    |    40 |    29 |    32 |       |       |       |       |       |       ||   101
       Skin              |       |       |     1 |       |       |       |       |       |       ||     1
       Ring mail         |       |       |    87 |     8 |       |       |       |       |       ||    95
       Scale mail        |       |       |       |   171 |       |       |       |       |       ||   171
       Troll leather arm |       |       |       |   111 |    39 |       |       |       |       ||   150
       Acid dragon scale |       |       |       |       |   219 |   273 |   240 |       |       ||   732
       Swamp dragon scal |       |       |       |       |       |       |   181 |   264 |       ||   445
       Plate armour      |       |       |       |       |       |       |       |   306 |   408 ||   714
       Gold dragon scale |       |       |       |       |       |       |       |       |   564 ||   564
Dodge: Dodged            |    91 |    47 |   134 |   414 |   426 |   493 |   733 |   616 |   759 ||  3713
Block: Kite shield       |       |       |       |       |   529 |   705 |   852 |   789 |  1878 ||  4753
       Reflection        |       |       |       |       |       |       |       |    20 |    32 ||    52
       Rpst.: Long sword |     3 |     1 |       |       |       |       |       |       |       ||     4

Table legend: (Time is in decaauts)
 A = Elapsed time spent in this place.
 B = Non-inter-level travel time spent in this place.
 C = Inter-level travel time spent in this place.
 D = Time resting spent in this place.
 E = Time spent auto-exploring this place.
 F = Levels seen in this place.
 G = Mean time per level.
                   A        B        C        D        E       F      G
               +--------+--------+--------+--------+--------+-----+--------+
         Total |  53009 |  48208 |   4801 |   5062 |  27953 |  55 |  963.8 |
       Dungeon |  16429 |  14290 |   2139 |   1563 |   9088 |  15 | 1095.3 |
        Temple |     69 |     51 |     18 |      0 |     48 |   1 |   69.0 |
          Lair |   6683 |   6145 |    538 |    235 |   4291 |   6 | 1113.8 |
         Swamp |   2965 |   2723 |    242 |    221 |   1487 |   4 |  741.2 |
     Snake Pit |   4736 |   4639 |     97 |    837 |   2340 |   4 | 1184.0 |
  Orcish Mines |   2183 |   1800 |    383 |    247 |    669 |   2 | 1091.5 |
   Elven Halls |   1142 |   1083 |     59 |     88 |    693 |   1 | 1142.0 |
        Vaults |   7434 |   6558 |    876 |    673 |   3873 |   5 | 1486.8 |
         Crypt |   1839 |   1764 |     75 |      0 |   1150 |   3 |  613.0 |
        Depths |   5377 |   5186 |    191 |    250 |   3248 |   5 | 1075.4 |
           Zot |   2106 |   1926 |    180 |    599 |    330 |   5 |  421.2 |
         Sewer |    193 |    193 |      0 |      0 |    110 |   1 |  193.0 |
       Ossuary |    215 |    215 |      0 |      0 |    118 |   1 |  215.0 |
      Ice Cave |    726 |    726 |      0 |    206 |    148 |   1 |  726.0 |
        Wizlab |    905 |    905 |      0 |    138 |    360 |   1 |  905.0 |
               +--------+--------+--------+--------+--------+-----+--------+

Top non-repeatable levels by time:
Vaults:4: 2039 daAuts
 Snake:2: 1749 daAuts
    D:13: 1621 daAuts
     D:3: 1608 daAuts
     D:1: 1578 daAuts
 Snake:4: 1481 daAuts
  Lair:6: 1461 daAuts
Vaults:1: 1442 daAuts
   Orc:2: 1414 daAuts
Vaults:5: 1389 daAuts
Vaults:2: 1365 daAuts
  Lair:2: 1307 daAuts
     D:2: 1286 daAuts
    D:15: 1281 daAuts
  Lair:1: 1274 daAuts
